 Dungeon Crawl Stone Soup version 0.28.0-53-g5a82cb258f (webtiles) character file.

Game seed: 9946408627285176458

74292 DungeonMaster the Thaumaturge (level 15, -3/90 HPs)
             Began as a Demonspawn Hedge Wizard on June 26, 2022.
             Was a High Priest of Vehumet.
             Succumbed to a sea snake's poison
             ... on level 2 of the Shoals.
             The game lasted 02:04:35 (28485 turns).

DungeonMaster the Thaumaturge (DsWz)               Turns: 28485, Time: 02:04:35

Health: -3/90      AC: 15    Str:  9    XL:     15   Next: 6%
Magic:  32/41      EV: 11    Int: 23    God:    Vehumet [*****.]
Gold:   827        SH: 15    Dex: 14    Spells: 18/41 levels left

rFire   + . .      SeeInvis .   a - +2 dagger (venom)
rCold   + . .      Faith    .   t - +3 kite shield {rPois}
rNeg    . . .      Spirit   .   B - +2 robe {rC+}
rPois   +          Reflect  .   o - +1 helmet
rElec   .          Harm     .   b - +1 cloak
rCorr   .          Rampage  +   m - +1 pair of gloves
Will    +....                   C - +0 pair of boots "Dadaen" {Rampage rF+}
Stlth   +++++.....              r - amulet of regeneration
HPRegen 1.05/turn               f - +4 ring of protection
MPRegen 0.27/turn               c - ring of magical power

@: lethally poisoned (-3 -> -31)
A: claws 2, thin skeletal structure 2, demonic guardian 1, demonic magic 2,
clumsy 1, weak 1
a: Renounce Religion


You were on level 2 of the Shoals.
You worshipped Vehumet.
Vehumet was extremely pleased with you.
You visited 5 branches of the dungeon, and saw 24 of its levels.

You collected 2317 gold pieces.
You spent 1490 gold pieces at shops.

Inventory:

Hand Weapons
 a - a +2 dagger of venom (weapon)
 q - a +1 falchion of electrocution
 s - a +4 trident of protection
 w - the +7 hand crossbow of Stickiness {elec, +Blink}
   (You bought it in a shop on level 10 of the Dungeon)

   Any ammunition fired from it occasionally discharges a powerful burst of
   electricity upon striking a foe.
   +Blink:    It lets you blink.
 T - a +1 whip of electrocution
 V - a +2 scimitar of flaming
 X - a +2 short sword of speed
Missiles
 e - 245 sling bullets
 j - 152 bolts
 v - 3 curare-tipped darts
 J - 25 poisoned darts (quivered)
Armour
 b - a +1 cloak (worn)
 m - a +1 pair of gloves (worn)
 o - a +1 helmet (worn)
 t - a +3 kite shield of poison resistance (worn)
 B - a +2 robe of cold resistance (worn)
 C - the +0 pair of boots "Dadaen" (worn) {Rampage rF+}
   (You bought it in a shop on level 2 of the Orcish Mines)

   rF:        It protects you from fire.
   Rampage:   It bestows one free step when moving towards enemies.
 K - a +0 troll leather armour
 N - +0 acid dragon scales
Magical Staves
 H - a staff of earth
Jewellery
 c - a ring of magical power (right hand)
 f - a +4 ring of protection (left hand)
 r - an amulet of regeneration (around neck)
 z - a ring of resist corrosion
 O - a ring of flight
Wands
 E - a wand of paralysis (1)
 L - a wand of flame (17)
 Q - a wand of iceblast (7)
 U - a wand of digging (11)
Scrolls
 k - a scroll of fear
 p - 3 scrolls of amnesia
 A - 3 scrolls of silence
 I - 3 scrolls of identify
 S - a scroll of magic mapping
 Y - 4 scrolls of teleportation
 Z - a scroll of fog
Potions
 d - a potion of berserk rage
 g - 7 potions of lignification
 h - 2 potions of resistance
 i - 3 potions of haste
 l - 5 potions of curing
 n - 5 potions of magic
 u - 4 potions of brilliance
 x - 2 potions of invisibility
 y - 2 potions of ambrosia
 F - 5 potions of heal wounds
 P - 3 potions of flight
 W - 2 potions of might
Miscellaneous
 R - a condenser vane


   Skills:
 - Level 8.5 Crossbows
 - Level 1.7 Dodging
 - Level 5.5 Stealth
 * Level 12.1 Shields
 * Level 13.8 Spellcasting
 - Level 6.7 Conjurations
 - Level 3.2 Hexes
 - Level 1.0 Summonings
 - Level 9.2 Translocations
 - Level 5.4 Air Magic
 * Level 5.1 Earth Magic
 - Level 4.8 Poison Magic


You had 18 spell levels left.
You knew the following spells:

 Your Spells              Type           Power      Damage    Failure   Level
a - Stone Arrow           Conj/Erth      86%        3d12      1%          3
b - Blink                 Tloc           100%       N/A       1%          2
c - Dazzling Flash        Conj/Hex       76%        N/A       1%          3
d - Mephitic Cloud        Conj/Pois/Air  42%        N/A       1%          3
e - Iskenderun's Mystic   Conj/Tloc      52%        2d11      1%          4
f - Olgreb's Toxic Radia  Pois           38%        N/A       3%          4
g - Airstrike             Air            20%        N/A       2%          4

Your spell library contained the following spells:

 Spells                   Type           Power      Damage    Failure   Level
 Flame Wave               Conj/Fire      31%        2d8       5%          4
 Foxfire                  Conj/Fire      100%       2x1d9     1%          1
 Magic Dart               Conj           100%       1d8       1%          1
 Sandblast                Erth           78%        2d17      1%          1
 Shock                    Conj/Air       100%       1d9       1%          1
 Slow                     Hex            100%       N/A       1%          1
 Conjure Flame            Conj/Fire      31%        6-21      1%          3
 Gell's Gravitas          Tloc           55%        N/A       1%          3
 Lesser Beckoning         Tloc           55%        N/A       1%          3
 Teleport Other           Tloc           55%        N/A       1%          3
 Freeze                   Ice            60%        1d8       2%          1
 Swiftness                Air            41%        N/A       2%          3
 Inner Flame              Hex/Fire       23%        N/A       3%          3
 Passwall                 Tmut/Erth      22%        N/A       4%          2
 Manifold Assault         Tloc           55%        N/A       4%          5
 Hailstorm                Conj/Ice       31%        3d8       5%          4
 Ensorcelled Hibernation  Hex/Ice        46%        N/A       6%          2
 Confusing Touch          Hex            30%        N/A       6%          3
 Frozen Ramparts          Ice            30%        1d5       6%          3
 Beastly Appendage        Tmut           30%        N/A       8%          1
 Call Imp                 Summ           20%        N/A       8%          2
 Spider Form              Tmut/Pois      27%        N/A       9%          3
 Wereblood                Tmut           15%        N/A       12%         2
 Ozocubu's Armour         Ice            15%        N/A       22%         3
 Vampiric Draining        Necr           15%        2d7       22%         3
 Anguish                  Hex/Necr       11%        N/A       36%         4
 Starburst                Conj/Fire      15%        6d6       54%         6
 Animate Dead             Necr           7%         N/A       58%         4
 Borgnjor's Vile Clutch   Necr/Erth      13%        N/A       58%         5
 Death Channel            Necr           7%         N/A       100%        6
 Ozocubu's Refrigeration  Ice            7%         4d6       100%        7
 Storm Form               Tmut/Air       14%        N/A       100%        7


Dungeon Overview and Level Annotations

Branches:
Dungeon (13/15)            Temple (1/1) D:7            Lair (6/6) D:9
 Shoals (2/4) Lair:2        Snake (0/4) Lair:3        Slime (0/5) Lair:5
    Orc (2/2) D:10            Elf (0/3) Orc:2        Vaults (0/5) D:13

Altars:
Ashenzari
Cheibriados
Dithmenos
Elyvilon
Fedhas
Hepliaklqana
Kikubaaqudgha
Makhleb
Nemelex Xobeh
Trog
Uskayaw
Vehumet
Wu Jian
Xom
Zin
The Shining One

Shops:
D:3 :   D:7 :   D:10 [((   Orc:2 !(=*![:

Portals:
Pandemonium: Orc:2

Annotations:
D:3 2 transporters, DildoBatman's ghost, amateur FoCj; Sigmund
D:4 exclusion: orc wizard
D:6 Eustachio
D:7 exclusion: 2 yaks
D:13 2 transporters, Erolcha; Rupert; Xixkoobe's ghost, journeyman TrHu
Lair:1 2 transporters, Lemuel's ghost, journeyman DjWz
Lair:5 exclusion: 2 oklob plants
Lair:6 3 runed translucent doors, Butooz's ghost, journeyman SpWr
Orc:2 exclusion: 2 upstairs


Innate Abilities, Weirdness & Mutations

You have very sharp fingernails.
You have a moderately thin skeletal structure. (Dex +4, Stealth++)
A weak demonic guardian rushes to your aid.
Spells you cast may paralyse nearby enemies.
You are clumsy. (Dex -2)
You are weak. (Str -2)


Message History

The javelin pierces through you!
Your hellwing hits the merfolk. x2
The merfolk is engulfed in noxious fumes.
The merfolk appears confused.
The merfolk javelineer throws a javelin.
The javelin pierces through you!!
Your hellwing hits the merfolk! Your hellwing hits the merfolk.
The merfolk javelineer throws a javelin.
The javelin pierces through you!
The merfolk suddenly looks very angry at the Dungeon.
The merfolk hits itself with a +0 trident!
Your hellwing hits the merfolk!
The merfolk dies!
Vehumet accepts your kill.
As you read the scroll of fog, it crumbles to dust.
The scroll dissolves into smoke.
The sea snake bites you!
* * * LOW HITPOINT WARNING * * *
You are lethally poisoned!
The sea snake poisons you!
The merfolk javelineer throws a javelin.
The javelin pierces through you.
* * * LOW HITPOINT WARNING * * *
Your hellwing swoops through the air toward the sea snake!
Your hellwing completely misses the sea snake.
Your hellwing hits the sea snake!
* * * LOW HITPOINT WARNING * * *
You feel extremely sick. The sea snake bites your hellwing.
Your hellwing closely misses the sea snake.
Your hellwing hits the sea snake but does no damage.
Things that are here:
a +0 robe; a merfolk corpse
Casting: Mephitic Cloud (safe; 1% risk of failure)
Confirm with . or Enter, or press ? or * to list all spells.
Aiming: Stone Arrow (safe; 1% risk of failure)
Press: ? - help, Shift-Dir - straight line, f - sea snake
Aim: a sea snake (black smoke, lightly wounded, ally target, 60% to hit)
The stone arrow hits the sea snake!!
The sea snake is heavily wounded.
Malevolent energies surge around you.
You die...

≈≈≈≈≈≈........≈≈≈≈≈.
≈≈≈≈≈≈≈≈.†.#..≈≈≈≈≈≈≈
≈≈≈≈≈≈≈≈≈.<.##.≈≈≈≈≈≈≈
≈≈≈≈≈≈≈≈≈≈†....≈≈≈≈≈≈≈
≈≈≈≈≈≈≈≈≈≈.###.≈≈≈≈≈≈≈
≈≈≈≈≈≈≈≈≈≈.# #..≈≈≈≈≈≈
≈≈≈≈≈≈≈≈≈≈.###..≈≈≈≈≈≈
≈≈≈≈≈≈≈≈≈.§....≈≈≈≈≈≈≈
≈≈≈≈≈≈≈≈≈.§§§@.≈≈≈≈≈≈≈
≈≈≈≈≈≈≈≈≈.§§§4§≈≈≈≈≈≈≈
≈.≈≈≈≈≈≈≈.§§S§§≈≈≈≈≈≈≈
.≈≈≈≈≈≈≈...§§§≈≈≈≈≈≈≈≈
.≈.≈#≈#......≈≈≈≈≈≈≈≈≈
####.....).m..≈≈≈≈≈≈≈≈
≈......m..4...#.≈≈≈≈≈
(.............#.≈≈≈≈≈
(m..............≈≈≈≈≈


You could see a sea snake (ally target) and a friendly hellwing (summoned).

Vanquished Creatures
  A merfolk impaler (Shoals:2)
  Fannar (D:11)
  5 hydras
  A boulder beetle (Lair:1)
  A merfolk avatar (Shoals:1)
  2 demonspawn (Orc:2)
  5 two-headed ogres
  A catoblepas (Lair:6)
  6 orc high priests
  A sea snake (Shoals:2)
  3 lindwurms
  7 orc sorcerers (Orc:2)
  5 orc knights
  2 cyclopes (D:12)
  8 harpies
  A deep elf pyromancer (D:9)
  2 ugly things
  A manticore (Lair:2)
  6 elephants (Lair:6)
  Joseph (Lair:1)
  7 black mambas
  2 torpor snails
  12 cane toads
  An unseen horror (D:11)
  A gargoyle (D:13)
  2 rime drakes (Lair:2)
  10 komodo dragons
  4 trolls
  9 polar bears
  2 hornets
  8 blink frogs
  A wind drake (Lair:2)
  A raiju (shapeshifter) (D:13)
  13 dream sheep
  3 slime creatures (D:12)
  A water elemental (Shoals:2)
  A wraith (D:13)
  13 spriggans (Lair:6)
  A shadow (D:11)
  5 basilisks
  3 wyverns
  48 yaks
  A fire elemental (D:13)
  5 steam dragons
  4 vampire mosquitoes (D:11)
  A neqoxec (Orc:2)
  4 acid dragons
  2 wargs
  2 nagas (Lair:3)
  13 water moccasins
  25 orc warriors
  11 black bears
  7 ogres
  An ice beast (D:6)
  7 boggarts (Lair:6)
  A sky beast (D:5)
  3 necrophages
  17 centaurs
  25 wolves
  A phantom (D:5)
  3 kobold brigands
  16 bullfrogs
  A water moccasin zombie (D:6)
  2 scorpions
  6 killer bees (D:11)
  3 electric eels
  11 howler monkeys
  A bullfrog zombie (D:6)
  4 centaur zombies
  A centaur skeleton (D:6)
  A hound (D:5)
  3 jellies
  A bullfrog skeleton (D:4)
  23 orc priests
  4 iguanas (D:5)
  11 orc wizards
  2 killer bee zombies
  A hound skeleton (D:5)
  2 howler monkey zombies
  4 gnolls (Orc:2)
  4 adders
  A shadow imp (D:6)
  2 ufetubi
  2 worms (D:2)
  A dart slug (D:1)
  53 orcs
  2 ball pythons
  4 bats
  An endoplasm (D:2)
  2 giant cockroaches
  7 goblins
  5 hobgoblins
  7 jackals
  12 kobolds
  4 quokkas
  A frilled lizard (D:1)
  4 rats
550 creatures vanquished.

Vanquished Creatures (collateral kills)
  A hornet (Lair:6)
  A merfolk (Shoals:2)
  2 spriggans (Lair:6)
  A boggart (Lair:6)
  An orc (Orc:2)
6 creatures vanquished.

Vanquished Creatures (others)
  32 fungi
  60 plants
92 creatures vanquished.

Grand Total: 648 creatures vanquished

Notes
Turn   | Place    | Note
-------+----------+-------------------------------------------
     0 | D:1      | DungeonMaster the Demonspawn Hedge Wizard began the quest
                  | for the Orb.
     0 | D:1      | Reached XP level 1. HP: 13/13 MP: 4/4
   475 | D:1      | Gained mutation: You have a somewhat thin skeletal
                  | structure. (Dex +2, Stealth+) [demonic ancestry]
   475 | D:1      | Reached XP level 2. HP: 19/19 MP: 3/6
  1171 | D:1      | Found a faded altar of an unknown god.
  1171 | D:1      | Noticed a shadow demon
  1623 | D:2      | Reached XP level 3. HP: 24/24 MP: 4/8
  2642 | D:2      | Learned a level 2 spell: Blink
  2646 | D:2      | Learned a level 3 spell: Mephitic Cloud
  2768 | D:3      | Noticed Sigmund
  2860 | D:3      | Gained mutation: You have sharp fingernails. [demonic
                  | ancestry]
  2860 | D:3      | Reached XP level 4. HP: 30/30 MP: 5/9
  2929 | D:3      | Found Jeiskuv's Book Emporium.
  3001 | D:3      | Found a transporter.
  3004 | D:3      | Noticed DildoBatman's ghost (amateur FoCj)
  3261 | D:3      | Found a transporter.
  3601 | D:4      | Reached skill level 4 in Spellcasting
  3877 | D:4      | Noticed an ogre
  3881 | D:4      | Noticed a black bear
  3885 | D:4      | Killed a black bear
  3886 | D:4      | Reached skill level 1 in Air Magic
  3886 | D:4      | Reached skill level 1 in Poison Magic
  3886 | D:4      | Gained mutation: You have very sharp fingernails. [demonic
                  | ancestry]
  3886 | D:4      | Reached XP level 5. HP: 35/35 MP: 4/11
  3893 | D:4      | Killed an ogre
  3894 | D:4      | Gained mutation: You have a moderately thin skeletal
                  | structure. (Dex +4, Stealth++) [demonic ancestry]
  3894 | D:4      | Reached XP level 6. HP: 18/41 MP: 3/12
  3962 | D:5      | Entered Level 5 of the Dungeon
  4004 | D:5      | Noticed a sky beast
  4216 | D:5      | Killed a sky beast
  4310 | D:5      | Reached XP level 7. HP: 27/46 MP: 1/14
  4546 | D:5      | Reached skill level 5 in Spellcasting
  4841 | D:5      | Identified a scroll of acquirement
  4841 | D:5      | Acquired a +2 kite shield of poison resistance
  5429 | D:5      | Reached skill level 5 in Conjurations
  5429 | D:5      | Reached XP level 8. HP: 44/52 MP: 7/16
  5680 | D:6      | Noticed Eustachio
  6120 | D:6      | Reached skill level 6 in Spellcasting
  6294 | D:6      | Learned a level 3 spell: Dazzling Flash
  6746 | D:6      | Reached skill level 1 in Hexes
  7114 | D:6      | Identified the ring "Wiahewe" {Ice Will+}
  7890 | D:7      | Reached XP level 9. HP: 57/57 MP: 11/18
  8103 | D:7      | Reached skill level 5 in Air Magic
  8193 | D:7      | Found Ydaizxi's Book Emporium.
  9029 | D:7      | Found a staircase to the Ecumenical Temple.
  9708 | Temple   | Entered the Ecumenical Temple
  9764 | Temple   | Became a worshipper of Vehumet
 10192 | D:8      | Reached skill level 1 in Shields
 10192 | D:8      | Reached skill level 7 in Spellcasting
 10875 | D:9      | Noticed a deep elf pyromancer
 10989 | D:9      | Noticed a two-headed ogre
 11009 | D:9      | Killed a two-headed ogre
 11010 | D:9      | Reached skill level 8 in Spellcasting
 11010 | D:9      | Reached XP level 10. HP: 33/63 MP: 7/22
 11114 | D:9      | Noticed a two-headed ogre
 11131 | D:9      | HP: 2/63 [two-headed ogre/+0 giant spiked club (26)]
 11154 | D:9      | Killed a two-headed ogre
 11512 | D:9      | Reached skill level 5 in Shields
 11590 | D:9      | Found a staircase to the Lair.
 11756 | D:9      | Reached * piety under Vehumet
 11756 | D:9      | Offered knowledge of Shock by Vehumet.
 11797 | D:9      | Killed a deep elf pyromancer
 11798 | D:9      | Reached skill level 9 in Spellcasting
 12015 | D:9      | Reached skill level 5 in Stealth
 12311 | D:9      | Gained mutation: Spells you cast may paralyse adjacent
                  | enemies. [demonic ancestry]
 12311 | D:9      | Reached XP level 11. HP: 67/68 MP: 16/24
 12489 | D:10     | Entered Level 10 of the Dungeon
 12536 | D:10     | Noticed an orc knight
 12550 | D:10     | Noticed a six-headed hydra
 12603 | D:10     | Killed an orc knight
 13101 | D:10     | Found Fasil's Weapon Boutique.
 13114 | D:10     | Found a staircase to the Orcish Mines.
 13116 | D:10     | Found Hoerghil's Armour Boutique.
 13245 | D:10     | Found Hesukeen's Antique Weapon Emporium.
 13253 | D:10     | Bought a scorched hand crossbow for 204 gold pieces
 13253 | D:10     | Identified the +7 hand crossbow of Stickiness {elec,
                  | +Blink} (You bought it in a shop on level 10 of the
                  | Dungeon)
 13253 | D:10     | Bought an ichor-stained war axe for 204 gold pieces
 13253 | D:10     | Identified the +3 war axe "Leviticus" {spect, Str+5} (You
                  | bought it in a shop on level 10 of the Dungeon)
 13759 | D:11     | Noticed Fannar
 13770 | D:11     | Offered knowledge of Sandblast by Vehumet.
 13789 | D:11     | Killed Fannar
 13790 | D:11     | Reached skill level 1 in Crossbows
 13790 | D:11     | Reached skill level 10 in Spellcasting
 13802 | D:11     | Reached ** piety under Vehumet
 14379 | D:11     | Reached skill level 1 in Translocations
 15096 | D:12     | Noticed a two-headed ogre
 15106 | D:12     | Killed a two-headed ogre
 15338 | D:12     | Noticed a two-headed ogre
 15438 | D:12     | Found a frozen archway.
 15453 | D:12     | Killed a two-headed ogre
 15537 | D:12     | Gained mutation: A weak demonic guardian rushes to your
                  | aid. [demonic ancestry]
 15537 | D:12     | Reached XP level 12. HP: 65/74 MP: 20/26
 15587 | D:12     | Identified the +0 leather armour of the Spider Nest {Dex+7}
 15744 | D:12     | Noticed a two-headed ogre
 15761 | D:12     | Killed a two-headed ogre
 15977 | D:12     | Reached skill level 11 in Spellcasting
 16183 | D:12     | Offered knowledge of Scorch by Vehumet.
 16192 | D:12     | Learned a level 4 spell: Iskenderun's Mystic Blast
 16323 | D:13     | Noticed a centaur warrior
 16328 | D:13     | Noticed a seven-headed hydra
 16401 | D:13     | Reached skill level 5 in Crossbows
 16885 | D:13     | Noticed Rupert
 16904 | D:13     | Noticed a catoblepas
 17007 | D:13     | Noticed Erolcha
 17024 | D:13     | Noticed Xixkoobe's ghost (journeyman TrHu)
 17174 | D:13     | Found a transporter.
 17176 | D:13     | Found a transporter.
 17274 | D:13     | Found a gate to the Vaults.
 17274 | D:13     | Noticed an ironbound preserver
 17515 | D:13     | Paralysed by Rupert for 7 turns
 17617 | Orc:1    | Entered Level 1 of the Orcish Mines
 17729 | Orc:2    | Entered Level 2 of the Orcish Mines
 17738 | Orc:2    | Noticed an orc high priest
 17890 | Orc:1    | Killed an orc high priest
 17964 | Orc:2    | Found Jojougra's Armour Shoppe.
 18031 | Orc:2    | Found Wageites's Book Shop.
 18050 | Orc:2    | Bought the +0 pair of boots "Dadaen" {Rampage rF+} for 314
                  | gold pieces
 18129 | Orc:2    | Reached *** piety under Vehumet
 18540 | Orc:2    | Found Mijybiha's Distillery.
 18552 | Orc:2    | Offered knowledge of Airstrike by Vehumet.
 18715 | Orc:2    | Bought a potion of might for 60 gold pieces
 18715 | Orc:2    | Found a staircase to the Elven Halls.
 19079 | Orc:1    | Noticed an orc high priest
 19114 | Orc:2    | Killed an orc high priest
 19355 | Orc:1    | Reached **** piety under Vehumet
 19487 | Orc:2    | Reached skill level 5 in Translocations
 19716 | Orc:2    | Found Mud Nyun's General Store.
 19770 | Orc:2    | Found Pipna Jygiakk's Distillery.
 19787 | Orc:2    | Bought a potion of flight for 36 gold pieces
 19787 | Orc:2    | Bought a scroll of teleportation for 36 gold pieces
 19787 | Orc:2    | Bought a scroll of teleportation for 36 gold pieces
 19787 | Orc:2    | Bought a scroll of fog for 24 gold pieces
 19787 | Orc:2    | Bought a potion of curing for 36 gold pieces
 19787 | Orc:2    | Bought a wand of digging (6) for 240 gold pieces
 19846 | Orc:2    | Noticed an orc high priest
 19859 | Orc:2    | Offered knowledge of Olgreb's Toxic Radiance by Vehumet.
 19873 | Orc:2    | Killed an orc high priest
 20112 | Orc:2    | Gained mutation: You are weak. (Str -2) [a neqoxec]
 20124 | Orc:2    | Gained mutation: You are clumsy. (Dex -2) [a neqoxec]
 20274 | Orc:2    | Reached XP level 13. HP: 54/79 MP: 19/28
 20636 | Orc:2    | Paralysed by an orc sorcerer for 2 turns
 21035 | Orc:2    | Reached skill level 12 in Spellcasting
 21144 | Orc:2    | Found Odghei Runk's Jewellery Emporium.
 21144 | Orc:2    | Found Unouseq's Antique Weapon Shoppe.
 21145 | Orc:2    | Found a one-way gate leading to the halls of Pandemonium.
 21147 | Orc:2    | Bought a ring of magical power for 300 gold pieces
 21314 | D:10     | Reached skill level 10 in Shields
 21433 | Lair:1   | Entered Level 1 of the Lair of Beasts
 21471 | Lair:1   | Noticed Joseph
 21505 | Lair:1   | Killed Joseph
 21776 | Lair:1   | Found a transporter.
 21781 | Lair:1   | Found a transporter.
 21785 | Lair:1   | Noticed Lemuel's ghost (journeyman DjWz)
 22020 | Lair:1   | Learned a level 4 spell: Olgreb's Toxic Radiance
 22929 | Lair:2   | Reached ***** piety under Vehumet
 22979 | Lair:2   | Found a staircase to the Shoals.
 23169 | Lair:2   | Offered knowledge of Spellforged Servitor by Vehumet.
 23313 | Lair:2   | Learned a level 3 spell: Stone Arrow
 23318 | Lair:2   | Learned a level 4 spell: Airstrike
 24137 | Lair:3   | Found a staircase to the Snake Pit.
 24947 | Lair:4   | Gained mutation: Spells you cast may paralyse nearby
                  | enemies. [demonic ancestry]
 24947 | Lair:4   | Reached XP level 14. HP: 85/85 MP: 30/30
 25563 | Lair:4   | Reached skill level 1 in Earth Magic
 25791 | Lair:4   | DungeonMaster: heya
 25851 | Lair:5   | sphynx: hi :)
 25867 | Lair:5   | DungeonMaster: taking a break from playing ?
 25920 | Lair:5   | sphynx: Yeah, just came back home, and about to cook some
                  | dinner :)
 25920 | Lair:5   | sphynx: so decided to watch instead of playing :)
 25920 | Lair:5   | sphynx: I'm also in Lair right now
 25920 | Lair:5   | sphynx: but on level 2
 25920 | Lair:5   | sphynx: so it's interesting to see how it looks at 4th
                  | level :)
 25920 | Lair:5   | DungeonMaster: :)
 25920 | Lair:5   | sphynx: I haven't played this game for a while
 25920 | Lair:5   | DungeonMaster: ah ok , yeah it changes a lot over time
 25932 | Lair:5   | sphynx: but just picked it up again for fun yesterday
 25939 | Lair:5   | DungeonMaster: what are you playing ?
 26006 | Lair:5   | Found a staircase to the Slime Pits.
 26058 | Lair:5   | sphynx: just a typical Minotaur Berserk, very newb-friendly
                  | :)
 26064 | Lair:5   | sphynx: (if that's what you meant)
 26064 | Lair:5   | DungeonMaster: :D yeah I like them little rascals ;-)
 26064 | Lair:5   | DungeonMaster: executioner axe and youre set
 26093 | Lair:5   | sphynx: haha, for some reason I switched to long blades in
                  | the middle!
 26096 | Lair:5   | Reached skill level 13 in Spellcasting
 26195 | Lair:5   | sphynx: found a nice one and couldn't resist
 26195 | Lair:5   | sphynx: my Axe skill was at level 5 then
 26195 | Lair:5   | DungeonMaster: hehe
 26195 | Lair:5   | DungeonMaster: yeah you take what the games throws at you
 26210 | Lair:5   | DungeonMaster: broad axes are my favorite
 26340 | Lair:6   | Entered Level 6 of the Lair of Beasts
 26414 | Lair:6   | Found a runed translucent gate.
 26414 | Lair:6   | Found a runed translucent gate.
 26414 | Lair:6   | Found a runed translucent gate.
 26423 | Lair:6   | sphynx: oh, hydras!
 26430 | Lair:5   | sphynx: I was reading on them :)
 26430 | Lair:5   | HP: 1/85 [yak (10)]
 26446 | Lair:5   | sphynx: o-oh
 26448 | Lair:5   | sphynx: that was scary!
 26448 | Lair:5   | DungeonMaster: yeah
 26448 | Lair:5   | DungeonMaster: close call
 26654 | Lair:5   | DungeonMaster: ...and Im like "hey, lets do it again" :D
 26660 | Lair:5   | sphynx: hehe, I can see that you've played this game for a
                  | while too!
 26667 | Lair:5   | sphynx: from 2013
 26675 | Lair:5   | sphynx: I played it first in 2009, as I've just figured out
                  | from stats :)
 26675 | Lair:5   | DungeonMaster: really ? 2013 I could sear that account is
                  | younger..damn time passes
 26675 | Lair:5   | DungeonMaster: how many wins you got ?
 26675 | Lair:5   | sphynx: none! :(
 26675 | Lair:5   | sphynx: I can see that I've got to Zot:5 once though!
 26675 | Lair:5   | sphynx: and starved to death...
 26675 | Lair:5   | sphynx: not a very glorious death :D
 26675 | Lair:5   | DungeonMaster: thats not too bad
 26675 | Lair:5   | DungeonMaster: lol
 26675 | Lair:5   | DungeonMaster: never happened to me :D
 26675 | Lair:5   | DungeonMaster: but the gmae is a mean bitch
 26675 | Lair:5   | DungeonMaster: and it got way harder lately
 26675 | Lair:5   | sphynx: now it can't happen anymore, I'm saved from that :D
 26675 | Lair:5   | sphynx: just testerday I was frantically trying to butcher
                  | corpses
 26675 | Lair:5   | DungeonMaster: yeah I am really happy for that
                  | change..nesides it was too much micromanagement for my
                  | taste
 26675 | Lair:5   | DungeonMaster: *besides
 26675 | Lair:5   | DungeonMaster: lol
 26675 | Lair:5   | DungeonMaster: been there too haha
 26675 | Lair:5   | sphynx: had to google where it's gone :)
 26771 | Lair:6   | sphynx: was quite surprised that they removed the whole
                  | food minigame!
 26777 | Lair:6   | DungeonMaster: yeah me too..and so happy
 26803 | Lair:6   | sphynx: but yeah, it's not like it was too much fun
 27016 | Lair:6   | DungeonMaster: I like that paralyse trait
 27026 | Lair:6   | DungeonMaster: its basically a free hex
 27028 | Lair:6   | DungeonMaster: manasaver
 27157 | Lair:6   | Offered knowledge of Flame Wave by Vehumet.
 27171 | Lair:6   | Noticed Butooz's ghost (journeyman SpWr)
 27379 | Lair:6   | sphynx: sorry, I missed everything, went to get food :)
 27379 | Lair:6   | sphynx: what paralyse trait?
 27379 | Lair:6   | DungeonMaster: d)
 27379 | Lair:6   | sphynx: aaah
 27379 | Lair:6   | sphynx: nice
 27379 | Lair:6   | DungeonMaster: yeah really helpful
 27941 | Lair:6   | DungeonMaster: wow loot was somewhat underwhelming on this
                  | level
 27941 | Lair:6   | DungeonMaster: unusually cheap
 27941 | Lair:6   | sphynx: :(
 27941 | Lair:6   | sphynx: how many levels in total?
 27941 | Lair:6   | sphynx: in the Lair?
 27941 | Lair:6   | sphynx: about 7-8?
 27941 | Lair:6   | DungeonMaster: got that condenser tho..its helpful
 27941 | Lair:6   | DungeonMaster: only 6 levels now
 27941 | Lair:6   | sphynx: ah, ok
 27941 | Lair:6   | DungeonMaster: they shortened it
 27941 | Lair:6   | sphynx: what is a condenser? :)
 27941 | Lair:6   | sphynx: sorry for silly questions :)
 27941 | Lair:6   | DungeonMaster: dungeon only 15 now
 27941 | Lair:6   | DungeonMaster: ask as much as you want :) all good
 27941 | Lair:6   | sphynx: ahh, ok
 27941 | Lair:6   | DungeonMaster: the condenser realeases some kind of area
                  | damage..differeent ones so its a bit random
 27941 | Lair:6   | DungeonMaster: can be fire, poison, cold
 27941 | Lair:6   | DungeonMaster: holy
 27969 | Lair:5   | DungeonMaster: you need Evocation for that
 27969 | Lair:5   | sphynx: ok
 27969 | Lair:5   | sphynx: so you evoke it like a wand?
 27969 | Lair:5   | DungeonMaster: yes
 27969 | Lair:5   | DungeonMaster: it can be very powerful
 27969 | Lair:5   | sphynx: cool
 27969 | Lair:5   | sphynx: I haven't played much with spellcasters
 27969 | Lair:5   | sphynx: only fighters or ranged guys like hunters
 27969 | Lair:5   | DungeonMaster: it can evoke wrong clouds sometimes...like a
                  | bunch of undead come to you and it evokes poison haha
 27969 | Lair:5   | sphynx: I think I also tried with Spriggans but it was hard
                  | :)
 27969 | Lair:5   | sphynx: and tried to use venom and play sneakily
 27969 | Lair:5   | sphynx: but it requires more skill, I think :)
 27969 | Lair:5   | DungeonMaster: tried spriggan assassin ?
 27969 | Lair:5   | DungeonMaster: first thing you train is sneaking and you
                  | can backstabb quite a lot
 27969 | Lair:5   | sphynx: I think I tried something like Venom Master or
                  | whatever
 27969 | Lair:5   | DungeonMaster: casters have a harder time in the beginning
                  | but become very powerful later on
 27969 | Lair:5   | sphynx: something related to Venom :)
 27969 | Lair:5   | DungeonMaster: like flamestorm and stuff
 27969 | Lair:5   | sphynx: nice
 27969 | Lair:5   | DungeonMaster: try the hedgemage maybe ?
 27969 | Lair:5   | sphynx: Yeah, I think I should try some spellcaster at some
                  | point
 27969 | Lair:5   | DungeonMaster: as soon as you have mephitic cloud you can
                  | confuse the living stuff that doesnt resist poison
 27969 | Lair:5   | DungeonMaster: and you need some stabbing weapon
 27969 | Lair:5   | DungeonMaster: ;-)
 27969 | Lair:5   | sphynx: and what race is better with that?
 27969 | Lair:5   | sphynx: with Hedge mage
 27969 | Lair:5   | DungeonMaster: sprigs are good for that
 27969 | Lair:5   | sphynx: cool
 27981 | Lair:5   | DungeonMaster: I like the demonspawn for the extra traits
                  | and the pinch of randomness
 27981 | Lair:5   | DungeonMaster: but they learn slow
 27981 | Lair:5   | DungeonMaster: so until you hit very high levels and got
                  | your stats up they are pretty hard to play
 27989 | Lair:5   | DungeonMaster: see all the negatives ?
 27989 | Lair:5   | sphynx: yeah :)
 27993 | Lair:5   | sphynx: good at nothing! :)
 28022 | Lair:4   | DungeonMaster: haha right
 28022 | Lair:4   | sphynx: but they got mutations regularly?
 28022 | Lair:4   | DungeonMaster: BUT
 28022 | Lair:4   | sphynx: it reminds be of CavesOfQud
 28022 | Lair:4   | sphynx: another roguelike :)
 28022 | Lair:4   | DungeonMaster: never played that
 28022 | Lair:4   | DungeonMaster: I know the name tho
 28022 | Lair:4   | DungeonMaster: whattado ?
 28022 | Lair:4   | DungeonMaster: pick one ..be my lucky charm
 28022 | Lair:4   | DungeonMaster: A) or P)
 28022 | Lair:4   | DungeonMaster: hmm he might be eating again :D
 28022 | Lair:4   | DungeonMaster: alright shoals it is
 28064 | Shoals:1 | Entered Level 1 of the Shoals
 28064 | Shoals:1 | Found Midamit's Magic Scroll Emporium.
 28114 | Lair:2   | sphynx: sorry, got distracted :)
 28117 | Lair:2   | DungeonMaster: :)
 28121 | Shoals:1 | sphynx: Yeah, so it reminded me CavesOfQud, because there
                  | are two principally different types of characters
 28123 | Shoals:1 | sphynx: Mutants and kinda normal people (they call it True
                  | Kin)
 28123 | Shoals:1 | sphynx: Mutants have mutations, you have lots of points and
                  | you can spend them choosing your mutations
 28123 | Shoals:1 | DungeonMaster: nice
 28123 | Shoals:1 | DungeonMaster: thats my stuff
 28124 | Shoals:1 | sphynx: and then you eventually improve them, level them
                  | up, etc.
 28134 | Shoals:1 | sphynx: while True Kin have better stats and skills, but do
                  | not have mutations at all
 28134 | Shoals:1 | DungeonMaster: maybe I should try that one day
 28134 | Shoals:1 | sphynx: and they play quite differently
 28134 | Shoals:1 | sphynx: yeah, it's a fun game!
 28137 | Shoals:1 | sphynx: good roguelike
 28191 | Shoals:1 | sphynx: oh wow, Shoals!
 28191 | Shoals:1 | sphynx: I don't remember seeing this :)
 28191 | Shoals:1 | DungeonMaster: yeah I thought its the better choice because
                  | I have that cloud
 28191 | Shoals:1 | sphynx: looks beautiful, like the sea and sand everywhere
                  | :)
 28191 | Shoals:1 | sphynx: maybe you should just relax and enjoy the beach
                  | somewhere! :D
 28191 | Shoals:1 | DungeonMaster: all we need now is coconut trees, chicks and
                  | beer!
 28191 | Shoals:1 | sphynx: haha, yes
 28309 | Shoals:2 | Reached XP level 15. HP: 71/90 MP: 32/32
 28337 | Shoals:2 | Reached skill level 5 in Earth Magic
 28363 | Shoals:2 | sphynx: ok, I'm off to play some guitar! It was nice
                  | chatting to you :)
 28363 | Shoals:2 | sphynx: See you around!
 28363 | Shoals:2 | DungeonMaster: kk nice talkiong to you
 28485 | Shoals:2 | Succumbed to a sea snake's poison

Illustrated notes

Levels and vault maps discovered:
D:1:      heliophobic_arrival_henge, layout_basic,
          dreamdust_ecumenical_altar_sealed_demon, hex_medium
D:2:      layout_basic
D:3:      layout_loops_cross, gammafunk_ghost_mausoleum, serial_shops,
          nicolae_shop_trees, uniq_sigmund
D:4:      layout_loops_ring, minmay_strange_pillars, grunt_ministairs_13,
          chequers_serial_rivers_micro_d, sigmund_army
D:5:      layout_rooms
D:6:      layout_layer_cave, chequers_serial_rivers_micro_b, minmay_between,
          uniq_eustachio
D:7:      minmay_flawed_box, layout_cave_pods, temple_hall, serial_shops, shop
D:8:      layout_gridville
D:9:      layout_loops_ring, erik_lair_dragon
D:10:     hangedman_cross_stitches, layout_loops_corners,
          mainiacjoe_overflow_paths, orc_david_3, serial_shops,
          nicolae_shop_stone
D:11:     layout_basic, uniq_fannar
D:12:     layout_stronghold, portal_ice_cave_entry_pillars_1
D:13:     layout_basic, skrybe_vaults_entry_preservation, gammafunk_ghost_hive,
          chequers_jeans, uniq_erolcha, uniq_rupert
Temple:   regret_index_temple_sigil_plot
Lair:1:   beast_lair_carwin_large_2, layout_regular_city,
          gammafunk_ghost_berserking_beasts, nicolae_lair_lindhole,
          serial_bayou_shore_b, uniq_joseph
Lair:2:   layout_cave_pods, minmay_shoals_entry_beasts
Lair:3:   layout_regular_city, guppyfry_snake_entry_island,
          lightli_volcano_entry_magma_tube, eino_small_chamber_without_monster,
          grunt_megastairs_4, serial_bayou_shore_a
Lair:4:   layout_misc_corridors, st_stairs_6, serial_bayou_lagoon_b
Lair:5:   layout_long_grid, minmay_slime_entry_oklob_enclosed, serial_bayou,
          serial_bayou_pond_a, serial_bayou_pond_e, serial_bayou_pond_d,
          serial_bayou_ford_a, serial_bayou_pond_d, serial_bayou_pond_c
Lair:6:   minmay_lair_end_enchanted_forest, layout_regular_city,
          maelrawn_ghost_gauntlet_escape, kilobyte_rumbling_trees,
          grunt_megastairs_2
Shoals:1: layout_shoals, serial_shops, nicolae_shop_stone,
          nicolae_shoals_c_island
Shoals:2: layout_shoals, nicolae_shoals_pincushion_passage, uniq_ilsuiw
Orc:1:    layout_caves
Orc:2:    pf_orc_diabolical, layout_caves, serial_shops, shop,
          nicolae_diamond_shop, nicolae_shop_temple_entry_statues_fountains

Skill      XL: |  1  2  3  4  5  6  7  8  9 10 11 12 13 14 15 |
---------------+----------------------------------------------+-----
Conjurations   | 2 3 4 5 6 |  6.7
Spellcasting   | 4 5 6 8 9 10 11 12 13 | 13.8
Air Magic      | 1 2 3 4 5 |  5.4
Poison Magic   | 1 2 4 |  4.8
Hexes          | 2 3 |  3.2
Stealth        | 3 5 |  5.5
Shields        | 3 6 8 9 10 12 | 12.1
Crossbows      | 4 6 8 |  8.5
Translocations | 2 5 7 9 |  9.2
Earth Magic    | 4 5 |  5.1
Dodging        | |  1.7
Summonings     | |  1.0

Action                   |  1- 3 |  4- 6 |  7- 9 | 10-12 | 13-15 || total
-------------------------+-------+-------+-------+-------+-------++-------
Melee: Hand axe          |    19 |       |       |       |       ||    19
       Mace              |    17 |    41 |    73 |       |       ||   131
       Punch             |       |     2 |     6 |       |       ||     8
       Dagger            |       |       |   109 |   504 |   477 ||  1090
       War axe           |       |       |       |    12 |       ||    12
       Whip              |       |       |       |     2 |       ||     2
       Hand crossbow     |       |       |       |     1 |       ||     1
       Scimitar          |       |       |       |       |     7 ||     7
 Fire: Hunting sling     |       |       |     6 |     6 |       ||    12
       Hand crossbow     |       |       |       |    74 |     7 ||    81
Throw: Dart              |       |     5 |    12 |       |     9 ||    26
       Stone             |       |       |     1 |     2 |       ||     3
 Cast: Magic Dart        |   102 |    59 |   272 |   306 |    96 ||   835
       Mephitic Cloud    |       |     6 |    38 |   144 |   115 ||   303
       Dazzling Flash    |       |       |     4 |     6 |     1 ||    11
       Blink             |       |       |     2 |     1 |     2 ||     5
       Iskenderun's Myst |       |       |       |     1 |    23 ||    24
       Stone Arrow       |       |       |       |       |   242 ||   242
Evoke: Wand              |       |       |       |     9 |     1 ||    10
  Use: Scroll            |       |     3 |    16 |     8 |     7 ||    34
       Potion            |       |       |     2 |     2 |       ||     4
 Stab: Confused          |       |     4 |    15 |    54 |    33 ||   106
       Sleeping          |       |       |     1 |     4 |    10 ||    15
       Paralysed         |       |       |       |    57 |   168 ||   225
Armor: Robe              |    23 |    16 |    91 |    99 |   191 ||   420
       Steam dragon scal |       |       |     2 |    53 |       ||    55
Dodge: Dodged            |    67 |    33 |   190 |   159 |   219 ||   668
Block: Kite shield       |       |       |     7 |   351 |   430 ||   788
